 Dungeon Crawl Stone Soup version 0.30.0-11-gf55b779eaf (webtiles) character file.

Game seed: 741016890054387440

53 Strat the Chopper (level 3, -6/21 HPs)
             Began as a Gargoyle Reaver on May 16, 2023.
             Killed from afar by an orc wizard (9 damage)
             ... with a puff of flame
             ... on level 3 of the Dungeon.
             The game lasted 00:03:13 (1785 turns).

Strat the Chopper (Gargoyle Reaver)                 Turns: 1785, Time: 00:03:14

Health: -6/21      AC:  7    Str: 15    XL:     3   Next: 87%
Magic:  6/6        EV: 11    Int: 13    God:
Gold:   101        SH:  0    Dex: 10    Spells: 3/6 levels left

rFire   . . .        a - +0 hand axe
rCold   . . .        (no shield)
rNeg    + . .        b - +0 leather armour
rPois   ∞            k - +0 helmet
rElec   +            (no cloak)
rCorr   .            (no gloves)
SInv    .            (no boots)
Will    .....        (no amulet)
Stlth   +            (no ring)
HPRegen 0.23/turn    (no ring)
MPRegen 0.10/turn

%: no passive effects
@: no status effects
A: sickness immunity, AC +3, negative energy resistance 1, electricity
resistance, torment resistance 1, petrification resistance
a: no special abilities


You were on level 3 of the Dungeon.
You visited 1 branch of the dungeon, and saw 3 of its levels.

You collected 101 gold pieces.

Inventory:

Hand Weapons
 a - a +0 hand axe (weapon)
Armour
 b - a +0 leather armour (worn)
 k - a +0 helmet (worn)
 o - a +0 pair of gloves
Scrolls
 f - 2 scrolls of identify {unknown}
 g - a scroll of magic mapping {unknown}
 h - a scroll of enchant weapon {unknown}
 i - 2 scrolls of enchant armour {unknown}
 j - a scroll of torment {unknown}
 l - a scroll of fog {unknown}
 p - a scroll of poison {unknown}
 q - a scroll of immolation {unknown}
Potions
 c - 3 potions of degeneration {unknown}
 d - 2 potions of lignification {unknown}
 e - a potion of might {unknown}
 m - a potion of magic {unknown}
 n - a potion of curing {unknown}


   Skills:
 - Level 2.1 Fighting
 + Level 4.2 Axes
 - Level 1.5 Dodging
 - Level 2.0 Spellcasting
 - Level 3.2 Conjurations


You had 3 spell levels left.
You knew the following spells:

 Your Spells              Type           Power      Damage    Failure   Level
a - Kiss of Death         Conj/Necr      20%        2d7       16%         1
b - Momentum Strike       Conj/Tloc      10%        3d8       24%         2

Your spell library contained the following spells:

 Spells                   Type           Power      Damage    Failure   Level
 Hailstorm                Conj/Ice       5%         3d4       43%         3


Dungeon Overview and Level Annotations

Branches:
Dungeon (3/15)

Altars:
Makhleb

Shops:
D:1 [


Innate Abilities, Weirdness & Mutations

You are immune to sickness and miasma.
Your stone body is resilient. (AC +3)
You are immune to poison.
You resist negative energy. (rN+)
You are resistant to electric shocks. (rElec)
You are resistant to unholy torment.
You are immune to petrification.


Message History

You hit the orc wizard but do no damage.
The orc wizard is lightly wounded.
The orc wizard closely misses you.
You barely miss the orc wizard.
The orc wizard is lightly wounded.
The orc wizard gestures at you while chanting.
You are confused.
You bump into the rock wall.
The orc wizard closely misses you.
You're too confused to move!
The orc wizard barely misses you.
You hit the orc wizard but do no damage.
The orc wizard closely misses you.
You bump into the rock wall.
The orc wizard gestures at you while chanting.
The puff of flame misses you.
You closely miss the orc wizard.
The orc wizard gestures at you while chanting.
The puff of flame hits you!
* * * LOW HITPOINT WARNING * * *
The orc wizard attacks as you move away!
The orc wizard hits you but does no damage.
You feel less confused. The orc wizard casts a spell at you.
You are confused.
The orc wizard casts a spell.
The orc wizard flickers and vanishes!
Deactivating autopickup; reactivate with Ctrl-A.
You're too confused to move!
Something hits you.
* * * LOW HITPOINT WARNING * * *
You bump into the rock wall.
Something hits you but does no damage.
You bump into the rock wall.
You feel less confused. Something hits you but does no damage.
You barely miss something. Your punch misses something. Something hits you.
* * * LOW HITPOINT WARNING * * *
You hit something but do no damage.
You hear some strange, mumbled words.
A puff of flame appears from out of thin air!
The puff of flame hits you!
You die...

#.# #........##......#.###...
#†# #.......>..............##
#.# #.........###..###>.#..##
..# #........## ##.# ##.##...
#.# #....#..#### #..# #.###.#
#.#####.## #.## .###.# #.#
........####.# ########..##.#
#.#
.............###{........##.#
#.#
#.#########.....@.........#.#
#<# #.## ##.####........#.#.#
#.# #..# ##..# #..........
#.# ##.# #..## ##########.
#.# #.# ##.## #.# #.#####..#
#.......## #..###### #..#


There were no monsters in sight!

Vanquished Creatures
  An adder (D:2)
  A worm (D:2)
  A dart slug (D:2)
  An orc (D:3)
  3 bats
  2 endoplasms (D:2)
  4 goblins
  4 hobgoblins
  4 jackals (D:2)
  4 quokkas
  3 ball pythons
  3 frilled lizards
  A kobold (D:1)
  2 rats (D:1)
34 creatures vanquished.

Notes
Turn   | Place    | Note
-------+----------+-------------------------------------------
     0 | D:1      | Strat the Gargoyle Reaver began the quest for the Orb.
     0 | D:1      | Reached XP level 1. HP: 12/12 MP: 3/3
   102 | D:1      | Found a transporter.
   106 | D:1      | Found Cuapok's Antique Armour Boutique.
   108 | D:1      | Found a transporter.
   243 | D:1      | Reached skill level 3 in Axes
   603 | D:1      | Reached XP level 2. HP: 17/17 MP: 5/5
  1056 | D:2      | Reached XP level 3. HP: 14/21 MP: 6/6
  1209 | D:2      | Reached skill level 4 in Axes
  1568 | D:3      | Learned a level 2 spell: Momentum Strike
  1689 | D:3      | Found a burning altar of Makhleb.
  1785 | D:3      | Killed from afar by an orc wizard

Illustrated notes

Levels and vault maps discovered:
D:1:      dpeg_arrival_chambers_temple_mockup, layout_basic, serial_shops,
          nicolae_shop_drivethru, due_unseen_surprise
D:2:      layout_rooms
D:3:      layout_rooms, nicolae_overflow_hidden_temple,
          dilly_ecumenical_altar_fadedgnrine

Skill      XL: |  1  2  3 |
---------------+----------+-----
Axes           | 3 4 |  4.2
Fighting       | |  2.1
Dodging        | |  1.5
Spellcasting   | |  2.0
Conjurations   | |  3.2

Action                     || total
---------------------------++-------
  Melee: Hand axe          ||   143
         Punch             ||     1
 Armour: Leather armour    ||    69
  Dodge: Dodged            ||   101
